 Dungeon Crawl Stone Soup version 0.21.1-1-g345015fe64 (webtiles) character file.

439 Kisielow the Changer (level 7, -6/52 HPs)
             Began as a Merfolk Transmuter on June 10, 2018.
             Was a Follower of Makhleb.
             Killed from afar by an orc wizard (8 damage)
             ... with a magic dart
             ... on level 4 of the Dungeon.
             The game lasted 00:07:27 (3421 turns).

Kisielow the Changer (Merfolk Transmuter)           Turns: 3421, Time: 00:07:28

Health: -6/52      AC:  2    Str: 10    XL:     7   Next: 1%
Magic:  3/10       EV: 24    Int: 14    God:    Makhleb [*.....]
Gold:   221        SH:  0    Dex: 22    Spells: 7/10 levels left

rFire    . . .     SeeInvis .     - Unarmed
rCold    . . .     Gourm    .   (shield currently unavailable)
rNeg     . . .     Faith    .   (armour currently unavailable)
rPois    x         Spirit   .   (helmet currently unavailable)
rElec    .         Reflect  .   (cloak currently unavailable)
rCorr    .         Harm     .   (gloves currently unavailable)
MR       .....                  (boots currently unavailable)
Stlth    ++........             (no amulet)
HPRegen  0.17/turn              o - +2 ring of dexterity
MPRegen  0.12/turn              (no ring)

@: spider-form, very slightly contaminated
A: tiny, (change form in water), (swift swim), (stealthy swim)
a: End Transformation, Renounce Religion


You were on level 4 of the Dungeon.
You worshipped Makhleb.
Makhleb was aware of your devotion.
You were hungry.
You were a venomous arachnid creature.
You visited 1 branch of the dungeon, and saw 4 of its levels.

You collected 221 gold pieces.

Inventory:

Missiles
 a - 32 arrows
Armour
 b - a +0 robe (melded)
 q - a +1 cloak (melded)
Jewellery
 o - a +2 ring of dexterity (left front leg)
Wands
 f - a wand of polymorph (20)
Scrolls
 e - a scroll of identify
 i - a scroll of amnesia
 l - a scroll of teleportation
 m - a scroll of enchant weapon
 n - a scroll of remove curse
Potions
 g - 2 potions of resistance
 j - a potion of might
Books
 c - a book of Changes

   Spells                             Type                      Level
   a - Beastly Appendage              Transmutation                1
   b - Sticks to Snakes               Transmutation                2
   c - Spider Form                    Transmutation/Poison         3
   d - Ice Form                       Ice/Transmutation            4
   e - Blade Hands                    Transmutation                5
Comestibles
 d - 9 rations


   Skills:
 + Level 3.0 Fighting
 + Level 4.4 Dodging
 + Level 5.4 Unarmed Combat
 - Level 2.0 Spellcasting
 - Level 6.1 Transmutations


You had 7 spell levels left.
You knew the following spells:

 Your Spells              Type           Power        Failure   Level  Hunger
q - Spider Form           Tmut/Pois      ##........   41%         3    ####...


Dungeon Overview and Level Annotations

Branches:
Dungeon (4/15)
 Temple: D:4-7

Altars:
Makhleb

Shops:
D:4 *!


Message History

The orc wizard misses you.
Casting: Spider Form
Confirm with . or Enter, or press ? or * to list all spells.
You turn into a venomous arachnid creature.
Your +1 cloak melds into your body.
Your +0 robe melds into your body.
The orc wizard closely misses you.
You closely miss the orc wizard.
The orc wizard is heavily wounded.
The orc wizard hits you with a dagger.
* * * LOW HITPOINT WARNING * * *
You barely miss the orc wizard.
The orc wizard is heavily wounded.
You barely miss the orc wizard.
The orc wizard is heavily wounded.
The orc wizard misses you.
You hit the orc wizard.
The orc wizard is poisoned.
The orc wizard is severely wounded.
The orc wizard points at you and mumbles some strange words.
The magic dart hits you!
You die...

..∩.....................
........................
#...∩..#...##.##.######
#.####.#...##(##.# #.#
#.#...##.##.# #..
#.######.##)#### #. #.#
#.##.)..# ## #.#
#.##....# #.# #.##s...#
#[. #o#### #### #.. ....
...... .#######


You could see an orc wizard.

Vanquished Creatures
  4 orc priests
  3 orc wizards (D:4)
  Crazy Yiuf (D:2)
  Jessica (D:2)
  Natasha (thrice) (D:2)
  2 adders
  A shadow imp (D:3)
  2 oozes
  3 worms (D:2)
  A dart slug (D:3)
  6 orcs
  A ball python (D:1)
  A giant cockroach (D:1)
  7 goblins
  10 hobgoblins
  6 jackals
  A quokka (D:2)
  5 bats
  6 frilled lizards
  4 kobolds
  8 rats
76 creatures vanquished.

Notes
Turn   | Place    | Note
-------+----------+-------------------------------------------
     0 | D:1      | Kisielow the Merfolk Transmuter began the quest for the Orb.
     0 | D:1      | Reached XP level 1. HP: 15/15 MP: 3/3
   396 | D:1      | Reached XP level 2. HP: 21/21 MP: 5/5
   720 | D:1      | Reached XP level 3. HP: 26/26 MP: 4/6
   827 | D:1      | Learned a level 3 spell: Spider Form
  1194 | D:2      | Reached skill level 3 in Transmutations
  1482 | D:2      | Noticed Jessica
  1554 | D:2      | Found a runed door.
  1641 | D:2      | Noticed Natasha
  1650 | D:2      | Killed Natasha
  1650 | D:2      | Reached skill level 4 in Transmutations
  1650 | D:2      | Reached XP level 4. HP: 31/32 MP: 3/7
  1885 | D:2      | Noticed Natasha
  1891 | D:2      | Killed Natasha
  1891 | D:2      | Reached skill level 5 in Transmutations
  1922 | D:2      | Noticed Natasha
  1929 | D:2      | Killed Natasha
  1929 | D:2      | Reached XP level 5. HP: 29/37 MP: 1/8
  1935 | D:2      | Killed Jessica
  1935 | D:2      | Reached skill level 6 in Transmutations
  2202 | D:2      | Noticed Crazy Yiuf
  2212 | D:2      | Killed Crazy Yiuf
  2354 | D:3      | Found a burning altar of Makhleb.
  2364 | D:3      | Became a worshipper of Makhleb the Destroyer
  2463 | D:3      | Reached XP level 6. HP: 42/44 MP: 6/9
  3034 | D:4      | Reached skill level 5 in Unarmed Combat
  3045 | D:4      | Reached * piety under Makhleb
  3373 | D:4      | Found Witarphyn's Assorted Antiques.
  3373 | D:4      | Found Jeoll's Distillery.
  3410 | D:4      | Reached XP level 7. HP: 6/52 MP: 4/10
  3414 | D:4      | HP: 2/52 [orc wizard/dagger (3)]
  3421 | D:4      | Killed from afar by an orc wizard

Skill      XL: |  1  2  3  4  5  6 |
---------------+-------------------+-----
Unarmed Combat | 4 5 |  5.4
Transmutations | 4 5 6 |  6.1
Dodging        | 3 4 |  4.4
Fighting       | 3 |  3.0
Spellcasting   | |  2.0

Action                   |  1- 3 |  4- 6 |  7- 9 || total
-------------------------+-------+-------+-------++-------
Melee: Unarmed           |   115 |   129 |     8 ||   252
       Headbutt          |     1 |       |       ||     1
 Cast: Beastly Appendage |     3 |       |       ||     3
       Spider Form       |     3 |    14 |     1 ||    18
  Use: Scroll            |       |     9 |       ||     9
       Potion            |       |     1 |       ||     1
 Stab: Sleeping          |       |     1 |       ||     1
  Eat: Chunk             |     3 |     7 |       ||    10
Armor: Robe              |    18 |     2 |       ||    20
       Skin              |       |     8 |       ||     8
Dodge: Dodged            |   108 |    87 |     5 ||   200
